 Dungeon Crawl Stone Soup version 0.19.4-8-ga85b6b9 (webtiles) character file.

134 empire the Cutter (level 4, -13/35 HPs)
             Began as a Demonspawn Monk on Feb 13, 2017.
             Killed by divine providence
             ... invoked by an orc priest
              (16 damage)
             ... on level 3 of the Dungeon.
             The game lasted 00:05:09 (3458 turns).

empire the Cutter (Demonspawn Monk)                 Turns: 3458, Time: 00:05:10

Health: -13/35     AC:  5    Str: 11    XL:     4   Next: 95%
Magic:  4/4        EV: 13    Int: 11    God:
Gold:   99         SH:  0    Dex: 17    Spells: 0 memorised, 3 levels left

rFire  . . .     SeeInvis .     a - +0 short sword
rCold  . . .     Gourm    .     o - +0 robe
rNeg   . . .     Faith    .     (no shield)
rPois  .         Spirit   .     (no helmet)
rElec  .         Reflect  .     (no cloak)
rCorr  .         Harm     .     (no gloves)
MR     .....                    (no boots)
Stlth  +++.......               (no amulet)
                                (no ring)
                                (no ring)

@: no status effects
A: yellow scales 2
a: no special abilities


You were on level 3 of the Dungeon.
You were not hungry.

You visited 1 branch of the dungeon, and saw 3 of its levels.

You collected 99 gold pieces.

Inventory:

Hand Weapons
 a - a +0 short sword (weapon)
 b - a +0 long sword
Armour
 o - a +0 robe (worn)
Jewellery
 u - a +4 ring of evasion {unknown}
Wands
 t - a wand of acid (7/15)
Scrolls
 d - 4 scrolls of identify {unknown}
 f - a scroll of blinking {unknown}
 i - 2 scrolls of immolation {unknown}
 m - 4 scrolls of remove curse {unknown}
 n - a scroll of fear {unknown}
 q - a scroll of magic mapping {unknown}
 s - a scroll of enchant weapon {unknown}
Potions
 e - a potion of ambrosia {unknown}
 g - a potion of flight {unknown}
 h - a potion of heal wounds
 j - a potion of haste {unknown}
 k - a potion of lignification {unknown}
 p - 2 potions of agility {unknown}
Comestibles
 c - 2 bread rations
 l - 2 meat rations


   Skills:
 - Level 3.0 Fighting
 + Level 4.1 Short Blades
 - Level 2.6 Dodging
 + Level 3.7 Stealth
 + Level 0.0 Evocations


You had 3 spell levels left.
You didn't know any spells.

Dungeon Overview and Level Annotations

Branches:
Dungeon (3/15)

Altars:


Innate Abilities, Weirdness & Mutations

You are mostly covered in yellow scales. (AC +3)


Message History

The orc priest is moderately wounded.
The orc priest hits you with a club.
You hit the orc priest.
The orc priest is moderately wounded.
The orc priest hits you with a club.
You hit the orc priest but do no damage.
The orc priest is moderately wounded.
You hit the orc priest.
The orc priest is severely wounded.
The orc priest invokes the aid of Beogh against you.
Beogh smites you!
* * * LOW HITPOINT WARNING * * *
You barely miss the orc priest.
The orc priest is severely wounded.
The orc priest closely misses you.
You hit the orc priest but do no damage.
The orc priest is severely wounded.
The orc priest calls down the wrath of Beogh upon you.
Beogh smites you!
You die...

#.#########..#.#####
#.#......##.........
#.#.####.###.#.#####
#.#...<#.....#..(
#.#..#####################
#.#..#..o...(.............
####.####.#####.....#########
#.........#####.....#########
##.#.......)@o..............#
#.........####(.[..#####....
#..###....# #.....# #.... #..
#).o.# #.....# #.... #..
#....# #.....# #.... #..
####.# ####### #.... #.. .#
#.... .# ###.# #)#


You could see an orc priest.

Vanquished Creatures
  An orc priest (D:3)
  2 adders (D:2)
  3 oozes (D:2)
  2 worms
  A dart slug (D:1)
  9 orcs
  4 giant cockroaches
  6 goblins
  7 hobgoblins
  2 quokkas (D:2)
  4 bats (D:1)
  A frilled lizard (D:1)
  8 kobolds
  9 rats
59 creatures vanquished.

Notes
Turn   | Place    | Note
-------+----------+-------------------------------------------
     0 | D:1      | empire the Demonspawn Monk began the quest for the Orb.
     0 | D:1      | Reached XP level 1. HP: 18/18 MP: 1/1
   366 | D:1      | Gained mutation: You are partially covered in yellow scales. (AC +2) [demonic ancestry]
   366 | D:1      | Reached XP level 2. HP: 19/24 MP: 2/2
   399 | D:1      | Reached skill level 3 in Short Blades
  1050 | D:1      | Reached XP level 3. HP: 29/29 MP: 3/3
  2011 | D:2      | Gained mutation: You are mostly covered in yellow scales. (AC +3) [demonic ancestry]
  2011 | D:2      | Reached XP level 4. HP: 15/35 MP: 4/4
  2952 | D:3      | Reached skill level 4 in Short Blades
  3458 | D:3      | Killed from afar by an orc priest

Skill      XL: |  1  2  3  4 |
---------------+-------------+-----
Stealth        | 2 3 |  3.7
Short Blades   | 3 4 |  4.1
Fighting       | |  3.0
Dodging        | |  2.6

Action                   |  1- 3 |  4- 6 || total
-------------------------+-------+-------++-------
Melee: Short sword       |   202 |   136 ||   338
  Use: Potion            |       |     2 ||     2
 Stab: Sleeping          |     1 |     2 ||     3
  Eat: Chunk             |     3 |     5 ||     8
Armor: Robe              |    47 |    28 ||    75
Dodge: Dodged            |   153 |    61 ||   214
